 Dungeon Crawl Stone Soup version 0.17-a0-1718-g72dbe4d (webtiles) character file.

7135 Geomchi the Cleaver (level 10, 0/88 HPs)
             Began as a Minotaur Gladiator on Aug 25, 2015.
             Was an Elder of Makhleb.
             Succumbed to Josephine's poison
             ... on level 10 of the Dungeon.
             The game lasted 00:14:24 (11468 turns).

Geomchi the Cleaver (Minotaur Gladiator)           Turns: 11468, Time: 00:14:24

Health: 0/88       AC: 15    Str: 24    XL:     10   Next: 85%
Magic:  12/12      EV:  9    Int:  5    God:    Makhleb [****..]
Gold:   525        SH:  0    Dex: 10    Spells: 0 memorised, 9 levels left

rFire  . . .     SeeInvis +     a - +0 war axe
rCold  . . .     Clarity  .     B - +0 plate armour
rNeg   . . .     SustAt   .     (no shield)
rPois  .         Gourm    .     c - +0 hat
rElec  .         Spirit   .     k - +0 cloak (curse)
rCorr  .         Warding  .     (no gloves)
rMut   .         Stasis   .     (no boots)
MR     .....                    (no amulet)
Stlth  ..........               (no ring)
                                A - ring of see invisible

@: lethally poisoned (0 -> -9), very slightly contaminated, not resistant to
hostile enchantments, extremely unstealthy
A: retaliatory headbutt, horns 2
a: Minor Destruction, Lesser Servant of Makhleb, Major Destruction, Renounce
Religion


You were on level 10 of the Dungeon.
You worshipped Makhleb.
Makhleb was greatly pleased with you.
You were not hungry.

You visited 2 branches of the dungeon, and saw 11 of its levels.

You collected 525 gold pieces.

Inventory:

Hand weapons
 a - a +0 war axe (weapon)
 g - a +0 mace of protection
Missiles
 d - 5 throwing nets (quivered)
Armour
 c - a +0 hat (worn)
 k - a cursed +0 cloak (worn)
 B - a +0 plate armour (worn)
Jewellery
 y - the amulet of Zyehunn {Stasis rElec Dex-2 SInv}
   (You found it on level 6 of the Dungeon)

   [amulet of stasis]

   It prevents you from being teleported, slowed, hasted or paralysed.
   It affects your dexterity (-2).
   It insulates you from electricity.
   It lets you see invisible.
 A - a ring of see invisible (left hand)
Magical devices
 z - a wand of enslavement (8)
Scrolls
 i - a scroll of recharging
 l - 2 scrolls of blinking
 m - 4 scrolls of remove curse
 n - a scroll of fog
 o - a scroll of enchant armour {unknown}
 p - 2 scrolls of magic mapping
 q - a scroll of identify
 r - a scroll of teleportation
 t - 4 scrolls of enchant weapon
 u - a scroll of amnesia
 v - a scroll of fear
 x - a scroll of silence {unknown}
Potions
 b - a potion of might
 f - 3 potions of brilliance
 s - a potion of haste
 C - a potion of flight
Comestibles
 e - 9 bread rations {@e1}
 h - 7 beef jerkies
 j - 4 fruits


   Skills:
 - Level 8.0 Fighting
 + Level 13.3 Axes
 - Level 2.0 Throwing
 - Level 8.8 Armour
 - Level 7.3 Dodging
 + Level 4.7 Invocations


You had 9 spell levels left.
You didn't know any spells.

Dungeon Overview and Level Annotations

Branches:
Dungeon (10/15)            Temple (1/1) D:4
   Lair: D:8-11         Orc: D:9-12

Altars:
Ashenzari
Cheibriados
Dithmenos
Elyvilon
Fedhas
Gozag
Kikubaaqudgha
Makhleb
Nemelex Xobeh
Okawaru
Qazlal
Ru
Sif Muna
Trog
Vehumet
Xom
Yredelemnul
Zin
The Shining One

Annotations:
D:10 Josephine


Innate Abilities, Weirdness & Mutations

You reflexively headbutt those who attack you in melee.
You have a pair of horns on your head.


Message History

You are too injured to fight recklessly!
Drink which item? (? for menu, Esc to quit)
Okay, then.
Read which item? (? for menu, Esc to quit)
Blink to where?
You are very lightly contaminated with residual magic.
As you read the scroll of blinking, it crumbles to dust.
* * * LOW HITPOINT WARNING * * *
You feel very sick.
You take 3 damage, and have 3/88 hp.
You feel yourself speed up.
* * * LOW HITPOINT WARNING * * *
You feel sick.
You take 1 damage, and have 2/88 hp.
Drink which item? (? for menu, Esc to quit)
Okay, then.
* * * LOW HITPOINT WARNING * * *
You feel sick.
You take 1 damage, and have 1/88 hp.
You die...

#.......# #.... ######'##
##### #...# # #. #.### #
###.### ##.### ###
....... #....# ####..
....... ###....# ##..'..
.......
#......#####..##..
.......
#@#..........###..
.......#####.#....#######
#.. ....>.WW§@.@.#....#
#.. ......W#######....#
#.. #.##### ###.## #..
#..# #.. ##.## ### #..#
#)## ##


You could see Josephine.

Vanquished Creatures
  The ghost of trantor the Carver, an experienced HESk of Okawaru (D:9)
  A hill giant (D:7)
  Pikel (D:5)
  The ghost of Gargoyl the Covered, an experienced DsAK of Lugonu (D:6)
  A wraith (D:9)
  4 yaks (D:9)
  A wyvern (D:7)
  Duvessa (D:6)
  2 orc warriors (D:7)
  A water moccasin (D:8)
  4 ogres
  3 sky beasts
  3 slaves
  A necrophage (D:9)
  3 centaurs
  A crocodile (D:7)
  2 ice beasts
  Blork the orc (D:6)
  An elf zombie (D:9)
  Dowan (D:6)
  3 giant frogs
  A water moccasin zombie (D:7)
  8 scorpions
  A wight (D:9)
  7 killer bees
  4 jellies
  2 giant frog zombies
  3 hounds
  5 crimson imps
  A gnoll shaman (D:6)
  3 human zombies (D:9)
  2 orc priests
  A giant frog skeleton (D:4)
  2 centaur skeletons
  7 orc wizards
  3 human skeletons (D:9)
  3 iguanas
  4 worker ants
  3 hound zombies
  A hound skeleton (D:8)
  A mummy (D:9)
  19 adders
  2 worker ant zombies
  3 shadow imps
  6 gnolls (D:6)
  3 adder skeletons
  45 orcs
  5 giant cockroaches
  8 goblins
  A hobgoblin (D:2)
  5 quokkas
  2 ball pythons
  7 bats
  8 giant geckos
  2 giant newts
  4 kobolds
  An orc skeleton (D:9)
  2 quokka skeletons
  A quokka zombie (D:6)
  15 rats
238 creatures vanquished.

Notes
Turn   | Place    | Note
--------------------------------------------------------------
     0 | D:1      | Geomchi the Minotaur Gladiator began the quest for the Orb.
     0 | D:1      | Reached XP level 1. HP: 18/18 MP: 0/0
   165 | D:1      | Reached skill level 4 in Axes
   499 | D:2      | Reached XP level 2. HP: 25/25 MP: 1/1
   667 | D:2      | Reached skill level 5 in Axes
   667 | D:2      | Reached XP level 3. HP: 16/30 MP: 2/2
   935 | D:2      | Found a shattered altar of Ashenzari.
  1238 | D:2      | Reached XP level 4. HP: 33/37 MP: 3/3
  1518 | D:3      | Found a glowing silver altar of Zin.
  1529 | D:3      | Reached skill level 6 in Axes
  1839 | D:3      | Reached skill level 1 in Armour
  2228 | D:4      | Reached XP level 5. HP: 42/42 MP: 4/4
  2299 | D:4      | Found an opulent altar of Gozag.
  2332 | D:4      | Found an ancient bone altar of Kikubaaqudgha.
  2855 | D:4      | Found a staircase to the Ecumenical Temple.
  3053 | D:5      | Entered Level 5 of the Dungeon
  3249 | D:5      | Reached XP level 6. HP: 38/50 MP: 5/5
  3353 | D:5      | Noticed a sky beast
  3356 | D:5      | Killed a sky beast
  3356 | D:5      | Reached skill level 5 in Dodging
  3531 | D:5      | Found a shimmering altar of Xom.
  3544 | D:5      | Reached skill level 5 in Armour
  3544 | D:5      | Reached XP level 7. HP: 56/56 MP: 6/6
  3794 | D:5      | Noticed a slave
  3794 | D:5      | Noticed a slave
  3794 | D:5      | Noticed a slave
  3802 | D:5      | Noticed Pikel
  3810 | D:4      | Killed a slave
  3819 | D:4      | Killed a slave
  4062 | Temple   | Entered the Ecumenical Temple
  4307 | Temple   | Became a worshipper of Makhleb the Destroyer
  4344 | D:5      | Noticed a slave
  4347 | D:5      | Killed a slave
  4350 | D:5      | Killed Pikel
  4350 | D:5      | Reached skill level 8 in Axes
  4350 | D:5      | Reached XP level 8. HP: 43/67 MP: 7/7
  4670 | D:6      | Noticed Duvessa
  4670 | D:6      | Noticed Blork the orc
  4670 | D:6      | Noticed Gargoyl's ghost (experienced DsAK)
  4676 | D:6      | Noticed Dowan
  4825 | D:6      | Got a translucent bone amulet
  4826 | D:6      | Identified the amulet of Zyehunn {Stasis rElec Dex-2 SInv} (You found it on level 6 of the Dungeon)
  4870 | D:6      | Reached skill level 5 in Fighting
  5110 | D:6      | Found a sacrificial altar of Ru.
  5126 | D:6      | Killed Blork the orc
  5126 | D:6      | Reached skill level 9 in Axes
  5366 | D:6      | Killed Gargoyl's ghost
  5366 | D:6      | Reached skill level 10 in Axes
  5575 | D:6      | Killed Duvessa
  5575 | D:6      | Reached XP level 9. HP: 59/78 MP: 8/8
  5590 | D:6      | Killed Dowan
  5690 | D:6      | Acquired Makhleb's first power
  5690 | D:6      | Reached skill level 11 in Axes
  6336 | D:7      | Noticed a hill giant
  6347 | D:7      | Killed a hill giant
  6347 | D:7      | Reached skill level 12 in Axes
  6800 | D:7      | Acquired Makhleb's second power
  8466 | D:8      | Reached XP level 10. HP: 88/88 MP: 9/9
  8876 | D:8      | Found a snail-covered altar of Cheibriados.
  9489 | D:9      | Acquired Makhleb's third power
  9647 | D:9      | Reached skill level 1 in Invocations
  9660 | D:9      | Noticed trantor's ghost (experienced HESk)
  9743 | D:9      | Killed trantor's ghost
 10249 | D:9      | HP: 4/88 [poisoned by a killer bee]
 10256 | D:9      | HP: 3/88 [poisoned by a killer bee]
 10263 | D:9      | HP: 2/88 [poisoned by a killer bee]
 10271 | D:9      | HP: 2/88 [poisoned by a killer bee]
 10690 | D:9      | Reached skill level 13 in Axes
 10704 | D:9      | Found a basalt altar of Yredelemnul.
 11073 | D:10     | Entered Level 10 of the Dungeon
 11101 | D:10     | Acquired Makhleb's fourth power
 11137 | D:10     | Identified the Handbook of Ashen Confrontation
 11443 | D:10     | Noticed Josephine
 11465 | D:10     | HP: 3/88 [poisoned by Josephine]
 11467 | D:10     | HP: 1/88 [poisoned by Josephine]
 11468 | D:10     | Succumbed to Josephine's poison

Vault maps used:
D:1:      minmay_arrival_five_plusses
D:2:      nicolae_overflow_hidden_temple, corexii_leaking_fountain
D:3:      old_standard_altar
D:4:      nicolae_gozag_cash_rules_everything_around_me, kennysheep_mini_moat,
          minmay_temple_entry_from_below_b, hangedman_decor_lopped
D:5:      first_bread, led_xom_imps, uniq_pikel
D:6:      overflow_temple_1_default, uniq_duvessa, uniq_blork_the_orc
D:7:      old_forge, serial_curves, eino_curves_04, eino_curves_01,
          grunt_ogre_cave
D:8:      lemuel_doored_altar
D:9:      lemuel_mausoleum_altar_yredelemnul
D:10:     uniq_josephine
Temple:   oiseaux_autumnal_temple_12

Action                   |  1- 3 |  4- 6 |  7- 9 | 10-12 || total
-------------------------+-------+-------+-------+-------++-------
Melee: War axe           |    73 |   122 |   297 |   252 ||   744
Invok: Major Destruction |       |       |       |     2 ||     2
  Use: Potion            |     2 |     2 |     2 |     1 ||     7
       Scroll            |       |       |    11 |     2 ||    13
  Eat: Chunk             |     1 |     7 |    10 |     4 ||    22
       Meat ration       |       |       |     1 |     1 ||     2
       Pizza             |       |       |     1 |     1 ||     2
